Map: Stacja Proxima ER

Players

soul - Winner!

  • Race: Terran Terran
  • League: Grandmaster
  • Spawn Location: 7:00

True

  • Race: Zerg Zerg
  • League: Grandmaster
  • Spawn Location: 1:00

Event: Blacer Invitational #1

VOD

https://youtu.be/cvAF4s5aPZA

Description

Time

  • Played on: Feb. 4, 2017, 2:22 p.m.
  • Length: 12:15

All games in this series

Show
View Real Time Build Order
Export as new Build Order

soul Terran - Winner!

Build Orders: Reaper Expand, MMM Bio 

Get SALT Encoding   

  12  0:00  SCV  
  13  0:13  SCV  
  14  0:17  Supply Depot  
  14  0:25  SCV  
  15  0:39  SCV  
  15  0:41  Barracks  
  16  0:45  Refinery  
  16  0:51  SCV  
  17  1:03  SCV  
  18  1:16  SCV  
  19  1:30  Orbital Command, Reaper  
  20  1:42  Command Center  
  20  1:52  Barracks  
  20  1:57  SCV  
  21  2:07  Supply Depot  
  21  2:08  Barracks Reactor  
  21  2:10  SCV  
  21  2:15  Refinery  
  22  2:22  SCV  
  23  2:30  Factory  
  23  2:34  SCV  
  24  2:44  Marine x2  
  24  2:45  Barracks Tech Lab  
  24  2:46  SCV  
  27  2:55  Orbital Command  
  27  2:58  SCV  
  27  3:05  Marine x2, Stimpack  
  28  3:07  Marine  
  28  3:11  SCV  
  32  3:20  Starport  
  32  3:22  SCV  
  32  3:25  Factory Reactor, SCV  
  32  3:26  Marine  
  35  3:29  Marine  
  35  3:31  Marine  
  37  3:35  SCV  
  37  3:37  SCV  
  39  3:43  Supply Depot  
  39  3:44  Marine  
  39  3:47  Marine  
  39  3:48  SCV  
  42  3:49  Marine, SCV  
  44  3:57  Supply Depot  
  44  4:00  SCV  
  44  4:01  SCV  
  46  4:04  Engineering Bay  
  46  4:05  Marine  
  47  4:10  Medivac  
  47  4:11  Medivac  
  47  4:12  SCV  
  47  4:15  SCV  
  53  4:17  Marine  
  53  4:23  Marine  
  55  4:24  Supply Depot, SCV  
  55  4:27  SCV  
  55  4:30  Marine  
  58  4:32  Terran Infantry Weapons Level 1  
  58  4:35  Marine  
  58  4:36  SCV  
  58  4:37  Supply Depot  
  60  4:39  SCV  
  60  4:41  Marine  
  62  4:48  Marine, SCV  
  62  4:52  Factory Reactor, SCV  
  65  4:53  Marine  
  65  4:59  Marine, Medivac  
  69  5:05  SCV  
  69  5:06  Combat Shields  
  70  5:07  Marine  
  70  5:08  Supply Depot  
  70  5:12  Marine  
  70  5:13  SCV  
  73  5:16  Marine, Command Center  
  73  5:17  SCV  
  75  5:25  Marine, SCV  
  77  5:29  Marine  
  77  5:32  SCV  
  77  5:34  Marine  
  79  5:39  Barracks  
  79  5:40  Barracks, SCV  
  80  5:43  Refinery  
  80  5:44  Marine, Barracks, Refinery, Supply Depot  
  80  5:45  Factory Reactor  
  80  5:46  SCV  
  80  5:49  Medivac  
  84  5:52  SCV  
  82  6:05  Marine x3  
  82  6:06  SCV  
  82  6:07  SCV  
  81  6:18  SCV  
  81  6:23  Marine x3, Medivac  
  86  6:27  Terran Infantry Armor Level 1, SCV  
  86  6:30  SCV  
  86  6:31  Barracks Reactor x2  
  86  6:32  Orbital Command  
  88  6:37  Marine  
  88  6:38  Marine  
  88  6:39  SCV  
  91  6:40  Widow Mine x2  
  91  6:41  Marine x3  
  91  6:43  SCV  
  99  6:51  SCV  
  99  6:52  Barracks x2  
  100  6:54  Barracks, Supply Depot  
  100  6:55  Marine, SCV  
  100  6:58  Supply Depot  
  100  6:59  SCV  
  103  7:01  Medivac  
  103  7:03  SCV  
  103  7:04  Medivac  
  103  7:05  Marine  
  109  7:16  SCV x3  
  109  7:17  Marine  
  109  7:18  Widow Mine x2  
  109  7:20  Marine  
  110  7:25  Marine x6  
  110  7:26  Marine  
  110  7:28  SCV  
  115  7:31  Medivac  
  115  7:34  Medivac  
  115  7:35  Marine, Supply Depot  
  115  7:36  Supply Depot  
  120  7:38  Marine  
  120  7:39  Armory  
  120  7:40  Barracks Tech Lab x2  
  120  7:41  Barracks Tech Lab  
  120  7:42  Engineering Bay, Concussive Shells  
  120  7:43  Marine x3  
  124  7:55  Refinery x2  
  124  7:56  Widow Mine x2  
  124  7:58  Supply Depot x2  
  128  7:59  Supply Depot  
  128  8:00  Marine  
  128  8:01  Marauder, Medivac, Supply Depot  
  133  8:08  Marauder x3  
  133  8:09  Marine  
  140  8:14  Marine  
  140  8:19  Marine x2  
  143  8:22  Marauder  
  143  8:24  Widow Mine  
  146  8:27  Widow Mine  
  146  8:28  Marine  
  146  8:29  Marine x3, Marauder  
  146  8:30  Marine, Marauder  
  146  8:32  Marine  
  156  8:34  Marine  
  156  8:37  Medivac  
  156  8:38  Marine  
  156  8:39  Terran Infantry Weapons Level 2  
  159  8:44  Marauder, SCV  
  159  8:45  Marine  
  163  8:50  Terran Infantry Armor Level 2  
  163  8:53  Marine, Widow Mine  
  163  8:54  Marine, Marauder  
  164  8:56  Widow Mine  
  164  8:57  Marine  
  164  9:00  Marine x4, Marauder  
  170  9:12  Marine  
  170  9:13  Marauder  
  170  9:17  Command Center  
  173  9:18  Medivac, Supply Depot  
  173  9:19  Marauder  
  173  9:20  Marine, Supply Depot  
  173  9:22  Marine, Widow Mine  
  180  9:32  Marine  
  180  9:34  Marauder  
  181  9:39  Marauder, Widow Mine  
  181  9:42  Marine  
  181  9:43  Marauder  
  188  9:47  Marine, Marauder  
  188  9:48  Medivac  
  188  9:50  Widow Mine  
  178  10:03  Marine  
  178  10:04  Marine x2, Marauder x2  
  177  10:07  Marine  
  177  10:08  Marauder  
  177  10:09  Widow Mine  
  177  10:13  Medivac  
  165  10:14  Marine  
  165  10:18  Marine  
  165  10:19  Medivac  
  165  10:20  Widow Mine  
  154  10:21  Marine  
  154  10:22  Marine x5  
  154  10:25  Marine  
  154  10:27  Marine x2  
  155  10:29  Marine  
  155  10:35  Marine  
  138  10:36  Marine  
  138  10:38  Widow Mine  
  138  10:39  Marine  
  138  10:40  Marine  
  136  10:43  Marine x2, Medivac  
  136  10:44  Marine  
  136  10:49  Marine, Widow Mine  
  131  10:55  Medivac  
  134  10:59  Marine  
  135  11:05  Marine  
  135  11:06  Widow Mine  
  135  11:08  Marine x5  
  135  11:10  Marine  
  141  11:13  Medivac  
  141  11:15  Marine  
  141  11:17  Widow Mine  
  139  11:18  Marine  
  139  11:25  Marine x3  
  130  11:31  Marine  
  130  11:32  Marine x2  
  126  11:34  Marine  
  126  11:35  Marine, Widow Mine  
  126  11:38  Marine  
  126  11:40  Marine  
  126  11:41  Marine  
  126  11:42  Marine  
  126  11:43  Marine  
  126  11:46  Widow Mine  
  132  11:47  Marine  
  132  11:48  Marine  
  132  11:49  Marine  
  132  11:50  Marine  
  132  11:51  Marine  
  132  11:54  Marine  
  136  11:56  Marine x2  
Show
View Real Time Build Order
Export as new Build Order

True Zerg 

Build Orders: Hatch First, Muta Ling Bane 

Get SALT Encoding   

  12  0:01  Drone  
  13  0:12  Overlord  
  13  0:17  Drone  
  14  0:30  Drone  
  14  0:31  Drone  
  14  0:34  Drone  
  17  0:53  Hatchery  
  17  0:56  Drone  
  17  1:10  Spawning Pool  
  17  1:11  Extractor  
  15  1:14  Drone  
  15  1:17  Drone  
  17  1:20  Drone  
  18  1:28  Drone  
  19  1:40  Overlord  
  19  1:56  Queen  
  19  1:58  Zergling x2  
  19  2:01  Zergling x2  
  23  2:05  Zergling x2, Queen  
  26  2:10  Metabolic Boost  
  26  2:11  Drone  
  27  2:16  Drone  
  27  2:21  Drone  
  29  2:27  Drone  
  30  2:34  Queen  
  30  2:36  Drone  
  33  2:37  Drone  
  33  2:43  Drone  
  34  2:49  Overlord  
  34  2:51  Evolution Chamber  
  33  2:54  Drone  
  34  3:01  Drone  
  35  3:07  Drone  
  35  3:08  Drone x2  
  35  3:10  Drone x2  
  40  3:15  Drone x3  
  43  3:23  Zerg Ground Armor Level 1  
  43  3:33  Overlord  
  43  3:40  Hatchery  
  42  3:43  Overlord  
  42  3:46  Drone  
  43  3:51  Drone  
  43  3:52  Drone x4  
  43  3:55  Drone  
  49  3:57  Evolution Chamber  
  49  3:59  Drone  
  49  4:09  Queen x2  
  53  4:18  Drone  
  53  4:19  Drone x2  
  53  4:23  Zerg Melee Weapons Level 1  
  53  4:24  Zergling x4, Overlord  
  56  4:25  Zergling x2  
  56  4:30  Overlord  
  59  4:39  Overlord  
  59  4:42  Zergling x6  
  59  4:43  Zergling x2  
  64  4:45  Zergling x2  
  64  4:46  Zergling x4  
  64  4:49  Queen  
  64  4:50  Queen  
  64  4:52  Overlord  
  70  4:54  Zergling x2  
  70  4:55  Zergling x2  
  70  4:57  Zergling x2  
  70  4:58  Zergling x2  
  74  5:01  Zergling x2  
  74  5:03  Queen  
  74  5:05  Zergling x2  
  78  5:08  Zergling x4  
  80  5:14  Zergling x2  
  80  5:18  Zergling x4  
  83  5:22  Overlord  
  83  5:23  Drone x5  
  88  5:33  Drone x3  
  88  5:35  Drone  
  89  5:37  Baneling Nest  
  89  5:38  Lair, Extractor  
  89  5:42  Drone x2  
  89  5:47  Drone, Queen  
  92  5:52  Drone  
  92  5:54  Extractor  
  92  5:55  Drone  
  93  5:57  Extractor  
  84  6:05  Zergling x2  
  84  6:06  Zergling x14  
  83  6:27  Drone  
  83  6:28  Drone  
  83  6:30  Drone x5  
  90  6:35  Hatchery  
  90  6:36  Zerg Melee Weapons Level 2, Zerg Ground Armor Level 2  
  90  6:37  Zergling x2  
  90  6:38  Zergling x4  
  92  6:43  Drone x5  
  92  6:45  Overlord  
  92  6:46  Extractor  
  96  6:48  Overlord  
  96  6:51  Centrifical Hooks  
  96  6:53  Baneling x2  
  96  6:54  Baneling  
  96  6:55  Overlord x2  
  96  6:58  Overlord  
  96  6:59  Baneling x2  
  96  7:00  Hatchery, Overlord  
  95  7:04  Zergling x2  
  95  7:05  Zergling x4  
  95  7:07  Zergling x4  
  98  7:11  Zergling x4  
  86  7:27  Drone x6  
  86  7:28  Drone  
  86  7:29  Drone  
  91  7:34  Drone x3  
  94  7:42  Spire  
  94  7:43  Extractor  
  93  7:44  Zergling x8  
  93  7:47  Zergling x4  
  93  7:48  Zergling x2  
  99  7:52  Drone  
  99  7:53  Drone  
  99  7:56  Zergling x2  
  102  8:00  Drone x3  
  102  8:01  Zergling x2  
  102  8:03  Zergling x2  
  107  8:06  Baneling x8  
  107  8:07  Zergling x2  
  107  8:08  Zergling x10  
  107  8:09  Zergling x2  
  107  8:11  Zergling x6  
  117  8:15  Overseer  
  117  8:16  Zergling x4  
  119  8:24  Zergling x6  
  119  8:25  Zergling x2  
  118  8:28  Zergling x8  
  111  8:34  Zergling x2  
  111  8:35  Zergling x6  
  111  8:40  Drone x4  
  113  8:43  Drone x3  
  112  8:56  Mutalisk  
  112  8:57  Mutalisk x5  
  112  8:59  Mutalisk  
  112  9:02  Mutalisk  
  126  9:04  Mutalisk  
  128  9:11  Baneling x6  
  128  9:13  Drone  
  129  9:31  Mutalisk x3  
  127  9:34  Mutalisk  
  135  9:40  Drone  
  135  9:42  Mutalisk  
  138  9:47  Mutalisk  
  138  9:49  Zergling x20  
  138  9:52  Zergling x2  
  140  10:00  Mutalisk x2  
  140  10:03  Zergling x8  
  140  10:05  Zergling x2  
  149  10:07  Zergling x4  
  149  10:08  Baneling x3  
  149  10:09  Baneling x3  
  149  10:12  Zergling x2  
  145  10:19  Zergling x8  
  128  10:21  Zergling x2  
  128  10:22  Zergling x2  
  128  10:23  Zergling x2  
  128  10:25  Zergling x2  
  122  10:31  Mutalisk  
  122  10:32  Mutalisk  
  122  10:33  Mutalisk  
  115  10:36  Mutalisk  
  115  10:40  Mutalisk  
  108  10:46  Zergling x6  
  108  10:47  Zergling x2  
  109  10:51  Zergling x4, Queen  
  109  10:53  Zergling x2, Queen  
  109  10:55  Zergling x4  
  109  10:57  Zergling x4  
  120  10:58  Mutalisk  
  120  11:00  Baneling x9  
  120  11:01  Zergling x2  
  120  11:02  Zergling x2  
  120  11:03  Zergling x4  
  126  11:05  Zergling x4  
  126  11:06  Zergling x2  
  126  11:07  Zergling x4  
  123  11:12  Zergling x2  
  123  11:17  Mutalisk  
  108  11:18  Mutalisk  
  108  11:19  Mutalisk  
  108  11:23  Zergling x2  
  105  11:27  Mutalisk  
  105  11:30  Zergling x14  
  105  11:34  Zergling x4  
  105  11:35  Zergling x2  
  105  11:37  Zergling x2  
  105  11:38  Zergling x6  
  102  11:43  Mutalisk  
  102  11:44  Mutalisk  
  100  11:49  Zergling x2  
  100  11:50  Zergling x2  
  100  11:54  Zergling x2  
  100  11:55  Zergling x2  
Tags
 
Add a new tag
Caveats
  • Supply blocks, unpowered buildings, or Contaminate may cause inaccurate times.
  • Supply counts are checked every 10 seconds.